 Dungeon Crawl Stone Soup version 0.28-a0-1389-gc726bef33b (webtiles) character file.

Game seed: 1696699675839059655

721 porpoise the Skirmisher (level 7, -1/59 HPs)
             Began as a Demonspawn Artificer on Jan 4, 2022.
             Slain by an ogre (26 damage)
             ... on level 5 of the Dungeon.
             The game lasted 00:21:51 (6938 turns).

porpoise the Skirmisher (Demonspawn Artificer)      Turns: 6938, Time: 00:21:51

Health: -1/59      AC:  7    Str: 16    XL:     7   Next: 43%
Magic:  7/7        EV:  9    Int: 16    God:
Gold:   246        SH:  0    Dex: 14    Spells: 4/6 levels left

rFire   + . .      SeeInvis .   a - +7 dagger "Qotempas" {vorpal, rF+}
rCold   . . .      Faith    .   (no shield)
rNeg    . . .      Spirit   .   x - +0 scale mail
rPois   .          Reflect  .   (no helmet)
rElec   .          Harm     .   (no cloak)
rCorr   .          Rampage  .   (no gloves)
Will    .....                   (no boots)
Stlth   ..........              (no amulet)
HPRegen 0.19/turn               (no ring)
MPRegen 0.10/turn               (no ring)

@: no status effects
A: big brain 1, weakness stinger 2, clever 1, strong 1
a: no special abilities


You were on level 5 of the Dungeon.
You visited 1 branch of the dungeon, and saw 5 of its levels.
You also visited: Sewer.

You collected 246 gold pieces.

Inventory:

Hand Weapons
 a - the +7 dagger "Qotempas" (weapon) {vorpal, rF+}
   (You found it on level 2 of the Dungeon)

   It inflicts extra damage upon your enemies.
   rF:        It protects you from fire.
 b - a +0 hunting sling
Missiles
 f - 214 stones (quivered)
 k - 6 atropa-tipped darts
 o - 23 arrows
 s - 6 boomerangs
 v - 15 bolts
 w - 13 sling bullets
Armour
 l - the +0 tower shield of Hoethruc {rN+ rCorr Stlth-}
   (You found it on level 2 of the Dungeon)

   rN:        It protects you from negative energy.
   rCorr:     It protects you from acid and corrosion.
   Stlth:     It makes you less stealthy.
 x - a +0 scale mail (worn)
Jewellery
 i - a +6 ring of strength
 r - a ring of ice
Wands
 c - a wand of flame (11)
 d - a wand of charming (9)
Scrolls
 g - 2 scrolls of magic mapping
 h - a scroll of teleportation {unknown}
Potions
 m - a potion of degeneration {unknown}
 n - 2 potions of flight
 p - 2 potions of attraction
 q - a potion of invisibility {unknown}
 t - a potion of might {unknown}
 u - a potion of lignification {unknown}
Miscellaneous
 e - a piece from Xom's chessboard (15/15)


   Skills:
 + Level 6.6 Fighting
 + Level 4.7 Armour
 - Level 0.8 Dodging
 - Level 0.8 Stealth
 - Level 3.0 Evocations


You had 4 spell levels left.
You knew the following spells:

 Your Spells              Type           Power      Damage    Failure   Level
a - Blink                 Tloc           0%         N/A       77%         2

Your spell library contained the following spells:

 Spells                   Type           Power      Damage    Failure   Level
 Magic Dart               Conj           0%         1d3       63%         1
 Searing Ray              Conj           0%         2d4       77%         2
 Tukima's Dance           Hex            0%         N/A       94%         3
 Fulminant Prism          Conj/Hex       0%         3d6       100%        4
 Passage of Golubria      Tloc           0%         N/A       100%        4
 Manifold Assault         Tloc           0%         N/A       100%        5
 Yara's Violent Unravell  Hex/Tmut       0%         3d3       100%        5
 Storm Form               Tmut/Air       0%         N/A       100%        7


Dungeon Overview and Level Annotations

Branches:
Dungeon (5/15)              Sewer (visited)
 Temple: D:4-7

Altars:
Dithmenos


Innate Abilities, Weirdness & Mutations

You have an unusually large brain. (Int +2)
You have a tail ending in a sharp stinger.
Your mind is acute. (Int +2)
Your muscles are strong. (Str +2)


Message History

The phantom is lightly damaged.
You shoot a stone. The stone closely misses the phantom.
You shoot a stone. The stone hits the phantom.
The phantom is moderately damaged.
You shoot a stone. The stone hits the phantom.
The phantom is moderately damaged.
You shoot a stone. The stone closely misses the phantom.
The phantom hits you.
a - the +7 dagger "Qotempas" (weapon)
{vorpal, rF+} You barely miss the phantom.
The phantom is moderately damaged.
The phantom hits you but does no damage.
You closely miss the phantom.
The phantom is moderately damaged.
The phantom hits you.
The phantom blinks!
You blink.
You hit the phantom.
You tail-slap the phantom, but do no damage.
The phantom is heavily damaged.
The phantom hits you.
The phantom blinks!
You blink.
You hit the phantom.
The phantom is severely damaged.
The phantom hits you.
The phantom blinks!
You blink.
Found 16 gold pieces.
An ogre comes into view. It is wielding a +0 giant club.
The ogre shouts!
You hit the phantom.
The phantom is almost destroyed.
The phantom hits you.
You hit the phantom.
You destroy the phantom!
Your life force feels restored.
You closely miss the ogre. The ogre hits you with a +0 giant club!
You closely miss the ogre. The ogre hits you with a +0 giant club.
You puncture the ogre!
The ogre is heavily wounded.
The ogre barely misses you.
You hit the ogre.
The ogre is heavily wounded.
You hit the ogre.
The ogre is severely wounded.
The ogre hits you with a +0 giant club!!
You die...

###..<.)..........>.
###.......#.##..####..
........######..#
.##....ยง## #..# .
#..#.(.######.#....
#...###(..........#
#..#####.......##.##
##. #.......#..##.
#..##....(.##.@#
#.........(.##O.......
#..........####.##....
............# .. ..
....##......... ...
... .......... $... ..
........... ..... .
........... .....#
............


You could see an ogre.

Vanquished Creatures
  Pargi (Sewer)
  A phantom (D:5)
  Blork the orc (D:4)
  A wyvern skeleton (D:4)
  3 wights (D:4)
  2 hounds
  2 centaur skeletons
  An iguana (D:4)
  A hound skeleton (D:4)
  3 gnolls
  3 adders
  2 river rats (D:4)
  2 worms (D:4)
  2 dart slugs
  An orc (D:3)
  7 bats
  6 endoplasms
  A giant cockroach (D:1)
  7 goblins
  7 hobgoblins
  5 quokkas
  9 ball pythons
  3 frilled lizards
  7 kobolds
  9 rats
87 creatures vanquished.

Vanquished Creatures (others)
  A wight (D:4)
  2 adders (D:4)
  A goblin (D:1)
4 creatures vanquished.

Grand Total: 91 creatures vanquished

Notes
Turn   | Place    | Note
-------+----------+-------------------------------------------
     0 | D:1      | porpoise the Demonspawn Artificer began the quest for the
                  | Orb.
     0 | D:1      | Reached XP level 1. HP: 15/15 MP: 1/1
   213 | D:1      | Reached skill level 2 in Fighting
   221 | D:1      | Gained mutation: You have a small tail. [demonic ancestry]
   221 | D:1      | Reached XP level 2. HP: 6/22 MP: 2/2
  2128 | D:2      | Reached skill level 3 in Fighting
  2149 | D:2      | Gained mutation: You have an unusually large brain. (Int
                  | +2) [demonic ancestry]
  2149 | D:2      | Reached XP level 3. HP: 29/29 MP: 3/3
  2357 | D:2      | Found a shadowy altar of Dithmenos.
  2381 | D:2      | Reached skill level 4 in Fighting
  2381 | D:2      | Reached XP level 4. HP: 15/37 MP: 4/4
  2688 | D:2      | Identified the +0 tower shield of Hoethruc {rN+ rCorr
                  | Stlth-}
  2831 | D:2      | Identified the +7 dagger "Qotempas" {vorpal, rF+}
  3730 | D:3      | Learned a level 2 spell: Blink
  3924 | D:3      | Found a faded altar of an unknown god.
  4199 | D:4      | Reached XP level 5. HP: 28/43 MP: 5/5
  4280 | D:4      | Gained mutation: Your muscles are strong. (Str +2) [potion
                  | of mutation]
  4280 | D:4      | Gained mutation: Your mind is acute. (Int +2) [potion of
                  | mutation]
  4520 | D:4      | Found a glowing drain.
  4563 | Sewer    | Entered a sewer
  4583 | Sewer    | Noticed Pargi
  4599 | Sewer    | Killed Pargi
  4600 | Sewer    | Reached skill level 5 in Fighting
  4847 | Sewer    | Reached XP level 6. HP: 48/51 MP: 6/6
  5217 | D:4      | Noticed Blork the orc
  5226 | D:4      | Killed Blork the orc
  5425 | D:4      | Identified the +0 chain mail "Nuisess" {*Slow Int-5 Dex+6}
  6071 | D:4      | Reached skill level 6 in Fighting
  6434 | D:4      | Gained mutation: You have a tail ending in a sharp stinger.
                  | [demonic ancestry]
  6434 | D:4      | Reached XP level 7. HP: 58/58 MP: 7/7
  6604 | D:5      | Entered Level 5 of the Dungeon
  6938 | D:5      | Slain by an ogre

Illustrated notes

Levels and vault maps discovered:
D:1:      minmay_arrival_stair_chambers, layout_basic
D:2:      layout_loops_ring, kennysheep_donut, st_stairs_7, minmay_hexomino_r4
D:3:      layout_basic, chequers_ecumenical_altar_grove
D:4:      cheibrodos_greedy_goblins, layout_basic, lightli_sewer_entry_pipes,
          uniq_blork_the_orc
D:5:      layout_cave_pools, minmay_temple_entry_overgrown, uniq_edmund

Skill      XL: |  1  2  3  4  5  6 |
---------------+-------------------+-----
Fighting       | 2 3 4 5 6 |  6.6
Armour         | 2 3 4 |  4.7
Dodging        | |  0.8
Stealth        | |  0.8
Evocations     | |  3.0

Action                   |  1- 3 |  4- 6 |  7- 9 || total
-------------------------+-------+-------+-------++-------
Melee: Club              |    64 |       |       ||    64
       Mace              |    32 |     4 |       ||    36
       Tailslap          |    10 |    18 |     4 ||    32
       Whip              |     2 |       |       ||     2
       Dagger            |       |   156 |    31 ||   187
 Fire: Hunting sling     |       |    23 |    13 ||    36
Throw: Stone             |       |     1 |       ||     1
Evoke: Wand              |     5 |     6 |       ||    11
       Piece from Xom's  |     1 |     3 |       ||     4
  Use: Scroll            |       |     6 |       ||     6
       Potion            |       |     3 |       ||     3
 Stab: Sleeping          |     2 |       |       ||     2
       Petrified         |     3 |     4 |       ||     7
Armor: Leather armour    |    19 |       |       ||    19
       Scale mail        |     4 |       |     4 ||     8
       Ring mail         |    13 |    52 |     1 ||    66
Dodge: Dodged            |    60 |    75 |    13 ||   148

Table legend: (Time is in decaauts)
 A = Elapsed time spent in this place.
 B = Non-inter-level travel time spent in this place.
 C = Inter-level travel time spent in this place.
 D = Time resting spent in this place.
 E = Time spent auto-exploring this place.
 F = Levels seen in this place.
 G = Mean time per level.
                   A        B        C        D        E       F      G
               +--------+--------+--------+--------+--------+-----+--------+
         Total |   7007 |   6739 |    268 |   2776 |   2802 |   6 | 1167.8 |
       Dungeon |   6661 |   6393 |    268 |   2608 |   2802 |   5 | 1332.2 |
         Sewer |    345 |    345 |      0 |    168 |      0 |   1 |  345.0 |
               +--------+--------+--------+--------+--------+-----+--------+

Top non-repeatable levels by time:
     D:4: 2250 daAuts
     D:1: 2082 daAuts
     D:3: 1201 daAuts
     D:2: 1062 daAuts
   Sewer: 345 daAuts
     D:5: 65 daAuts
